 Dungeon Crawl Stone Soup version 0.17-a0-1447-g3d113ad (webtiles) character file.

294502 pulse the Bludgeoner (level 21, 0/139 HPs)
             Began as a Gargoyle Fighter on June 29, 2015.
             Was the Champion of the Shining One.
             Killed from afar by an electric golem (5 damage)
             ... with a bolt of lightning
             ... in a wizard's laboratory.
             The game lasted 04:35:20 (46419 turns).

pulse the Bludgeoner (Gargoyle Fighter)            Turns: 46419, Time: 04:35:22

Health: 0/139      AC: 42    Str: 26    XL:     21   Next: 23%
Magic:  0/48       EV:  9    Int:  5    God:    the Shining One [******]
Gold:   1149       SH: 17    Dex: 16    Spells: 1 memorised, 19 levels left

rFire  + . .     SeeInvis +     i - +1 flail of Superiority {crush, +Rage +Inv rC+ MP+9}
rCold  + . .     Clarity  .     G - +9 plate armour {rN+}
rNeg   + + +     SustAt   .     c - +0 shield
rPois  ∞         Gourm    .     O - +2 hat
rElec  +         Spirit   +     f - +0 cloak "Inoiz" {SInv}
rCorr  .         Warding  .     v - +1 pair of gloves
rMut   .         Stasis   .     (no boots)
MR     +....                    k - amulet of guardian spirit
Stlth  ..........               q - +3 ring of dexterity
                                X - ring "Zabuzym" {rF+ rN+ MP+9 Int-4 Slay+2}

@: flying, very slightly contaminated, hasted, glowing, very quick, somewhat
resistant to hostile enchantments, extremely unstealthy
A: big wings, deformed body, negative energy resistance 1, electricity
resistance, unbreathing, petrification resistance, rot immunity, MP-powered
wands, AC +15
a: Stop Flying, Divine Shield, Cleansing Flame, Summon Divine Warrior, Renounce
Religion, Evoke Berserk Rage, Evoke Invisibility
}: 1/15 runes: barnacled


You were in a wizard's laboratory.
You worshipped the Shining One.
The Shining One was exalted by your worship.
You were not hungry.

You visited 7 branches of the dungeon, and saw 33 of its levels.
You visited the Abyss 1 time.
You visited 1 bazaar.
You also visited: Labyrinth, Ice Cave and Wizlab.

You collected 3640 gold pieces.
You spent 2491 gold pieces at shops.

Inventory:

Hand weapons
 i - the +1 flail of Superiority (weapon) {crush, +Rage +Inv rC+ MP+9}
   (You found it on level 4 of the Shoals)

   It inflicts extra damage upon your enemies.
   It protects you from cold.
   It affects your magic capacity (+9).
   It lets you turn invisible.
   It lets you go berserk.
 j - a +2 demon whip of venom
 o - a +5 eveningstar of holy wrath
 z - a +1 executioner's axe of distortion
Missiles
 h - 37 tomahawks of returning (quivered)
Armour
 c - a +0 shield (worn)
 f - the +0 cloak "Inoiz" (worn) {SInv}
   (You found it on level 5 of the Dungeon)

   It lets you see invisible.
 s - a +0 ice dragon armour
 v - a +1 pair of gloves (worn)
 A - the +1 pair of gloves "Donewnud" {rCorr Int-3 Dex-5 Stlth+}
   (You acquired it on level 15 of the Dungeon)

   It affects your intelligence (-3).
   It affects your dexterity (-5).
   It protects you from acid and corrosion.
   It makes you more stealthy.
 G - a +9 plate armour of positive energy (worn)
 O - a +2 hat (worn)
Jewellery
 k - an amulet of guardian spirit (around neck)
 q - a +3 ring of dexterity (right hand)
 L - a +5 ring of intelligence
 N - the amulet "Girezxu" {rMut *Corrode MP+9 Int+4 Stlth+}
   (You found it on level 7 of the Dungeon)

   [amulet of resist mutation]

   It protects you from mutation.
   It affects your intelligence (+4).
   It affects your magic capacity (+9).
   It may corrode your equipment when you take damage.
   It makes you more stealthy.
 R - an uncursed ring of sustain attributes
 X - the ring "Zabuzym" (left hand) {rF+ rN+ MP+9 Int-4 Slay+2}
   (You found it on level 1 of the Shoals)

   [ring of magical power]

   It affects your intelligence (-4).
   It affects your accuracy and damage with ranged weapons and melee attacks
   (+2).
   It protects you from fire.
   It protects you from negative energy.
   It affects your magic capacity (+9).
Magical devices
 e - a wand of cold (4)
 m - a wand of hasting (0)
 r - a wand of disintegration (7)
 t - a wand of fire (0)
 u - a wand of slowing (15)
 w - a wand of cold (5)
 y - a wand of slowing (31)
 D - a wand of hasting (1)
 Z - a wand of teleportation (3)
Scrolls
 b - 5 scrolls of identify
 g - 5 scrolls of magic mapping
 l - a scroll of teleportation
 p - 15 scrolls of remove curse
 x - 3 scrolls of amnesia
 P - 6 scrolls of recharging
 W - a scroll of immolation
Potions
 I - 4 potions of brilliance
Books
 a - a book of Fire

   Spells                             Type                      Level
   a - Ignite Poison                  Fire/Transmutation/Poison    3
   b - Fireball                       Conjuration/Fire             5
   c - Bolt of Fire                   Conjuration/Fire             6
   d - Delayed Fireball               Conjuration/Fire             7
   e - Ring of Flames                 Charms/Fire                  7
 H - a book of Battle

   Spells                             Type                      Level
   a - Infusion                       Charms                       1
   b - Shroud of Golubria             Charms/Translocation         2
   c - Song of Slaying                Charms                       2
   d - Spectral Weapon                Hexes/Charms                 3
   e - Regeneration                   Charms/Necromancy            3
 K - a book of the Tempests

   Spells                             Type                      Level
   a - Static Discharge               Conjuration/Air              3
   b - Lightning Bolt                 Conjuration/Air              5
   c - Fireball                       Conjuration/Fire             5
   d - Tornado                        Air                          9
   e - Shatter                        Earth                        9
 Y - a book of the Sky

   Spells                             Type                      Level
   a - Summon Lightning Spire         Summoning/Air                4
   b - Airstrike                      Air                          4
   c - Silence                        Hexes/Air                    5
   d - Deflect Missiles               Charms/Air                   6
   e - Conjure Ball Lightning         Conjuration/Air              6
   f - Tornado                        Air                          9
Miscellaneous
 n - a phial of floods
 F - a fan of gales
Comestibles
 d - 5 beef jerkies
 B - 5 meat rations
 Q - 3 bread rations


   Skills:
 + Level 17.2 Fighting
 + Level 20.1 Maces & Flails
 + Level 2.8 Throwing
 + Level 14.6 Armour
 - Level 2.6 Dodging
 - Level 1.4 Stealth
 + Level 20.1 Shields
 - Level 12.8 Invocations
 * Level 2.6 Evocations


You had 19 spell levels left.
You knew the following spells:

 Your Spells              Type           Power        Failure   Level  Hunger
a - Infusion              Chrm           #.....       100%        1    ##.....


Dungeon Overview and Level Annotations

Branches:
Dungeon (15/15)            Temple (1/1) D:7            Lair (4/8) D:10
 Shoals (4/4) Lair:4          Orc (4/4) D:9             Elf (3/3) Orc:4
 Vaults (0/5) D:14         Depths (2/5) D:15
  Snake: Lair:3-6    Spider: Lair:3-6

Altars:
Ashenzari
Cheibriados
Dithmenos
Elyvilon
Fedhas
Gozag
Kikubaaqudgha
Makhleb
Nemelex Xobeh
Okawaru
Qazlal
Ru
Sif Muna
Trog
Vehumet
Xom
Yredelemnul
Zin
The Shining One
Beogh

Shops:
D:7 =   D:10 *=   Orc:1 }   Orc:3 (   Orc:4 (?[(*   Shoals:3 [   Depths:1 *

Portals:
Hell: Depths:1 Depths:2
Ziggurat: Depths:2


Innate Abilities, Weirdness & Mutations

You are resistant to torment.
Your stone body is resilient (AC +15).
You are immune to poison.
Your large and strong wings let you fly indefinitely.
You resist negative energy.
You are resistant to electric shocks.
You can survive without breathing.
You are immune to petrification.
You are immune to rotting.
Armour fits poorly on your strangely shaped body.
You expend magic power (3 MP) to strengthen your wands.


Message History

The electric golem shocks you. You resist.
* * * LOW HITPOINT WARNING * * *
You block the electric golem's attack.
The electric golem hits you but does no damage. x2
The crystal guardian hits you but does no damage.
The iron golem hits you.
* * * LOW HITPOINT WARNING * * *
The gargoyle hurls a stone arrow at you.
You block the stone arrow.
The electric golem hurls lightning at you.
The bolt of lightning hits you! You resist.
* * * LOW HITPOINT WARNING * * *
The electric golem hurls lightning at you.
The bolt of lightning misses you.
The crystal guardian fires a crystalline bolt at you.
The crystal bolt burns you! You resist.
* * * LOW HITPOINT WARNING * * *
The electric golem hurls lightning at you.
The bolt of lightning hits you! You resist.
You die...

############# #...........#
#...........# #.....+.....#
#..∩.+∩'.∩..# #..@..'.....#
#.....8.....# #.....§.....#
###################8#############
.................§88E§...........
.................§§§§§§..........
....###...........###9§§.........
....# #.............#§§....?.....
....###...........#8#............


You could see an iron golem, an electric golem, a crystal guardian and an earth
elemental.

Vanquished Creatures
  A profane servitor (Abyss:1)
  3 bone dragons (Abyss:1)
  Rupert (D:12)
  2 tentacled monstrosities
  Polyphemus (Shoals:2)
  10 tentacled starspawn (Abyss:1)
  Gastronok (Lair:3)
  2 octopode crushers (Depths:2)
  2 Executioners (Abyss:1)
  Frances (D:13)
  Kirke (D:13)
  A fire giant (Depths:2)
  Ilsuiw (Shoals:4)
  Wiglaf (Elf:1)
  4 frost giants
  Maud (D:13)
  Aizul (Elf:1)
  6 stone giants
  5 very ugly things
  2 spriggan defenders (Depths:1)
  A deep elf demonologist (Elf:2)
  A green draconian (Abyss:1)
  2 deep elf annihilators
  2 lorocyprocas (Abyss:1)
  2 salamander stormcallers
  A deep elf death mage (Elf:1)
  A green death (Abyss:1)
  6 merfolk impalers
  A crystal guardian (WizLab)
  4 ettins
  7 merfolk javelineers
  2 fire dragons (Depths:2)
  Josephine (D:13)
  An ice dragon (Depths:1)
  3 great orbs of eyes
  6 ogre magi
  2 yaktaur captains (Depths:2)
  Harold (Orc:2)
  A minotaur (Lab)
  12 hydras
  3 entropy weavers (Depths:1)
  Erolcha (D:8)
  2 rakshasas
  A catoblepas (Shoals:3)
  3 alligator snapping turtles
  5 merfolk avatars
  9 centaur warriors
  A merfolk aquamancer (Shoals:4)
  11 dancing weapons
  9 death yaks
  A deep troll earth mage (Depths:1)
  7 thrashing horrors (Abyss:1)
  A vampire mage (Abyss:1)
  2 deep troll shamans
  3 hell hogs (Abyss:1)
  19 small abominations
  2 tengu warriors (D:15)
  3 satyrs
  A spriggan berserker (Depths:1)
  Urug (D:13)
  The ghost of Fluffy the Ruffian, an experienced TrMo of Lugonu (D:8)
  An orc high priest (Elf:1)
  A shadow wraith (Abyss:1)
  A storm dragon zombie (Depths:1)
  Sonja (D:13)
  5 ice devils
  2 wretched stars (Abyss:1)
  A hell knight (Abyss:1)
  2 iron trolls
  A spatial maelstrom (Abyss:1)
  8 deep elf knights
  13 sea snakes
  A flayed ghost (D:15)
  A golden dragon zombie (Depths:1)
  9 deep elf summoners
  3 ice statues
  33 starcursed masses (Abyss:1)
  2 unseen horrors
  Pikel (D:4)
  8 deep trolls
  A golden dragon skeleton (Abyss:1)
  11 hill giants
  4 griffons
  3 orc knights
  A sphinx zombie (Depths:1)
  2 orc sorcerers
  3 necromancers
  A tengu skeleton (Depths:1)
  15 deep elf conjurers
  3 sixfirhies (Abyss:1)
  A stone giant zombie (Depths:1)
  17 harpies
  2 mana vipers (Abyss:1)
  16 fauns
  19 cyclopes
  2 rust devils
  An iron dragon skeleton (Abyss:1)
  37 ugly things
  15 manticores
  A water nymph (shapeshifter) (Depths:2)
  3 worldbinders (Abyss:1)
  A salamander (Depths:1)
  2 black mambas
  An elephant (D:10)
  An apocalypse crab (Abyss:1)
  11 sirens
  2 spiny frogs (shapeshifter)
  A gargoyle (WizLab)
  4 centaur skeletons
  8 smoke demons (Abyss:1)
  3 orange demons (Abyss:1)
  4 spiny frogs
  A kobold demonologist (D:12)
  5 komodo dragons
  A tormentor (Abyss:1)
  A yaktaur (shapeshifter) (Elf:3)
  The ghost of ztt the Skirmisher, an average OgFi (D:4)
  A demonic crawler (Abyss:1)
  2 efreet (Abyss:1)
  12 trolls
  9 deep elf priests
  2 ancient zymes (Abyss:1)
  3 freezing wraiths
  A wandering mushroom (Lab)
  A tengu conjurer (D:15)
  A jumping spider (shapeshifter) (Abyss:1)
  8 blue devils (IceCv)
  3 wind drakes
  A merfolk (shapeshifter) (Depths:1)
  19 merfolk
  A jumping spider (Depths:2)
  12 snapping turtles
  13 raiju (Abyss:1)
  4 blink frogs
  An ice dragon zombie (Abyss:1)
  17 two-headed ogres
  A vampire (Abyss:1)
  16 slime creatures
  Sigmund (D:4)
  9 water elementals
  18 deep elf magi
  3 wraiths (D:13)
  7 ynoxinuls (Abyss:1)
  3 wyverns
  4 redbacks (Depths:1)
  19 yaks
  2 fire bats (Abyss:1)
  2 spriggans (Depths:1)
  2 tarantellas (Depths:1)
  3 basilisks
  2 hogs
  A golden eye (shapeshifter) (Elf:2)
  6 wargs
  11 hippogriffs
  2 shadows (Abyss:1)
  Grum (D:10)
  18 deep elf fighters
  2 hungry ghosts
  7 neqoxecs (Abyss:1)
  5 chaos spawn (Abyss:1)
  Menkaure (D:7)
  Edmund (D:4)
  3 spatial vortices (Abyss:1)
  8 wolves
  9 vampire mosquitoes
  2 insubstantial wisps (Abyss:1)
  A soldier ant (D:14)
  A necrophage (D:11)
  19 large abominations (Abyss:1)
  A phantom (D:8)
  6 porcupines
  6 water moccasins
  A sky beast (D:10)
  3 wasps
  20 orc warriors
  An ice dragon simulacrum (Depths:1)
  4 boggarts (Depths:2)
  3 black bears
  39 ogres
  5 ice beasts
  14 centaurs
  A crocodile (shapeshifter) (Abyss:1)
  16 giant frogs
  7 big kobolds
  Blork the orc (D:3)
  2 brain worms (Abyss:1)
  11 crocodiles
  3 earth elementals
  A gnoll sergeant (D:12)
  A wyvern skeleton (D:14)
  4 scorpions
  A water moccasin skeleton (D:4)
  15 killer bees
  15 wights
  4 electric eels (Lair:2)
  A giant frog zombie (D:8)
  6 crimson imps
  4 jellies
  2 centaur zombies (D:11)
  21 orc priests
  A draconian simulacrum (IceCv)
  3 hounds
  A gnoll shaman (D:8)
  3 quasits
  A giant frog skeleton (D:11)
  8 iguanas
  4 iron imps (Abyss:1)
  22 orc wizards
  Natasha (thrice) (D:4)
  3 troll simulacra (IceCv)
  A spriggan simulacrum (IceCv)
  9 worker ants
  A centaur simulacrum (IceCv)
  11 sheep
  A hound skeleton (D:9)
  2 worker ant zombies
  3 ogre simulacra (IceCv)
  8 adders
  7 gnolls
  A naga simulacrum (IceCv)
  13 river rats
  A shadow imp (D:5)
  4 white imps (Abyss:1)
  7 ufetubi (Abyss:1)
  An adder zombie (D:8)
  A worm (D:4)
  4 adder skeletons
  4 giant geckos
  178 orcs
  14 bats
  A bat skeleton (D:4)
  A bat zombie (D:7)
  25 hobgoblins
  6 jackals
  31 kobolds
  2 quokkas
  A ball python skeleton (D:4)
  10 giant cockroaches
  A giant gecko skeleton (D:7)
  4 giant newts
  13 goblins
  19 rats
  A bush (D:6)
  A fire vortex (D:15)
  8 starspawn tentacles (Abyss:1)
1453 creatures vanquished.

Vanquished Creatures (collateral kills)
  Saint Roka (Depths:2)
  A bone dragon (Abyss:1)
  2 Hell Sentinels (Abyss:1)
  4 liches
  3 tentacled starspawn (Abyss:1)
  A balrug (Abyss:1)
  A deep elf demonologist (Abyss:1)
  A stone giant (Depths:2)
  A blizzard demon (Abyss:1)
  A merfolk aquamancer (Shoals:4)
  7 dancing weapons (Elf:2)
  2 thrashing horrors (Abyss:1)
  3 wretched stars (Abyss:1)
  A deep elf knight (Elf:2)
  2 harpies (Shoals:4)
  2 deep elf conjurers (Elf:2)
  A sixfirhy (Abyss:1)
  A water nymph (Shoals:4)
  A rust devil (Abyss:1)
  An orange demon (Abyss:1)
  2 smoke demons (Abyss:1)
  A komodo dragon (shapeshifter) (Abyss:1)
  3 ancient zymes (Abyss:1)
  A deep elf priest (Elf:2)
  A blink frog (Abyss:1)
  4 raiju (Abyss:1)
  An ettin zombie (Abyss:1)
  A chaos spawn (Abyss:1)
  11 large abominations (Abyss:1)
  A ynoxinul (Abyss:1)
  2 neqoxecs (Abyss:1)
  2 deep elf fighters (Elf:2)
  An insubstantial wisp (Abyss:1)
  A wolf (shapeshifter) (Abyss:1)
  An orc warrior (Depths:2)
  An ice beast (Abyss:1)
  A brain worm (Abyss:1)
  5 small abominations (Abyss:1)
  10 starcursed masses (Abyss:1)
  An iron imp (Abyss:1)
  An ufetubus (Abyss:1)
  A bush (Abyss:1)
  3 starspawn tentacles (Abyss:1)
93 creatures vanquished.

Vanquished Creatures (others)
  A large abomination (Abyss:1)
  2 humans (D:13)
  2 deep elf fighters (Elf:2)
  6 small abominations (Abyss:1)
  2 quasits (Abyss:1)
  2 ufetubi (Abyss:1)
  3 orcs
  A goblin (Orc:2)
  2 rats (D:4)
  3 fungi
  2 lurking horrors (Abyss:1)
  3 plants
  38 starspawn tentacles (Abyss:1)
  156 starspawn tentacle segments (Abyss:1)
223 creatures vanquished.

Grand Total: 1769 creatures vanquished

Notes
Turn   | Place    | Note
--------------------------------------------------------------
     0 | D:1      | pulse the Gargoyle Fighter began the quest for the Orb.
     0 | D:1      | Reached XP level 1. HP: 14/14 MP: 1/1
    89 | D:1      | Reached XP level 2. HP: 19/19 MP: 2/2
   899 | D:2      | Reached XP level 3. HP: 19/23 MP: 3/3
  1304 | D:2      | You fall through a shaft for 2 floors!
  1304 | D:4      | Noticed Sigmund
  1325 | D:4      | Killed Sigmund
  1325 | D:4      | Reached skill level 4 in Fighting
  1325 | D:4      | Reached skill level 1 in Dodging
  1325 | D:4      | Reached XP level 4. HP: 22/29 MP: 4/4
  1325 | D:4      | Reached XP level 5. HP: 25/33 MP: 5/5
  1380 | D:4      | Noticed Blork the orc
  1381 | D:4      | Noticed an ogre
  1423 | D:4      | Noticed ztt's ghost (average OgFi)
  1424 | D:4      | Noticed a slave
  1425 | D:4      | Noticed a slave
  1428 | D:4      | Noticed Pikel
  1438 | D:3      | Killed Blork the orc
  1438 | D:3      | Reached XP level 6. HP: 20/38 MP: 6/6
  2594 | D:4      | Noticed Edmund
  2612 | D:4      | Killed Edmund
  2612 | D:4      | Reached XP level 7. HP: 44/44 MP: 7/7
  2690 | D:4      | Reached skill level 5 in Shields
  2716 | D:4      | Noticed a scorpion
  2724 | D:4      | Killed a scorpion
  2740 | D:4      | Noticed Natasha
  2746 | D:4      | Killed Natasha
  2869 | D:4      | Killed an ogre
  2901 | D:4      | Noticed an ogre
  2912 | D:4      | Killed an ogre
  2912 | D:4      | Reached skill level 5 in Maces & Flails
  3171 | D:4      | Noticed Natasha
  3196 | D:4      | Killed Natasha
  3211 | D:4      | Noticed Natasha
  3215 | D:4      | Killed Natasha
  3407 | D:4      | Reached XP level 8. HP: 32/48 MP: 8/8
  3555 | D:4      | Noticed a slave
  3557 | D:4      | Noticed a slave
  3568 | D:4      | Killed Pikel
  3568 | D:4      | Reached skill level 5 in Fighting
  3568 | D:4      | Reached skill level 6 in Maces & Flails
  3568 | D:4      | Reached skill level 5 in Armour
  3710 | D:4      | Killed ztt's ghost
  3909 | D:5      | Entered Level 5 of the Dungeon
  4117 | D:5      | Got a pitted cloak
  4123 | D:5      | Identified the +0 cloak "Inoiz" {SInv} (You found it on level 5 of the Dungeon)
  4159 | D:5      | Reached skill level 1 in Evocations
  4248 | D:5      | Reached XP level 9. HP: 55/55 MP: 9/9
  4378 | D:5      | Reached skill level 1 in Stealth
  4498 | D:5      | Reached skill level 7 in Maces & Flails
  5529 | D:6      | Learned a level 1 spell: Infusion
  5785 | D:7      | Found a white marble altar of Elyvilon.
  6039 | D:7      | Found Ymistast's Jewellery Shoppe.
  6044 | D:7      | Bought a +1 ring of protection for 36 gold pieces
  6057 | D:7      | Reached skill level 8 in Shields
  6082 | D:7      | Reached XP level 10. HP: 44/61 MP: 10/10
  6139 | D:7      | Noticed Menkaure
  6142 | D:7      | Killed Menkaure
  6287 | D:7      | Got a smoking ruby amulet
  6453 | D:7      | Found a staircase to the Ecumenical Temple.
  6462 | Temple   | Entered the Ecumenical Temple
  6669 | Temple   | Became a worshipper of the Shining One
  6784 | D:8      | Noticed Erolcha
  6795 | D:8      | Killed Erolcha
  6795 | D:8      | Reached skill level 9 in Shields
  6944 | D:8      | Identified the amulet "Girezxu" {rMut *Corrode MP+9 Int+4 Stlth+} (You found it on level 7 of the Dungeon)
  7174 | D:8      | Noticed Fluffy's ghost (experienced TrMo)
  7203 | D:8      | Killed Fluffy's ghost
  7581 | D:7      | Bought an uncursed ring of sustain attributes for 210 gold pieces
  7662 | D:9      | Found a shadowy altar of Dithmenos.
  7872 | D:9      | Acquired the Shining One's first power
  7919 | D:9      | You fall through a shaft for 3 floors!
  7932 | D:12     | Reached skill level 10 in Shields
  7939 | D:12     | Reached XP level 11. HP: 66/68 MP: 11/11
  8070 | D:12     | Noticed a cyclops
  8113 | D:12     | Noticed a hill giant
  8125 | D:12     | Killed a hill giant
  8221 | D:12     | Noticed a cyclops
  8231 | D:12     | Killed a cyclops
  8395 | D:11     | Reached skill level 10 in Maces & Flails
  8449 | D:11     | Found a labyrinth entrance.
  8463 | Lab      | Entered a labyrinth
  8920 | Lab      | Noticed a minotaur
  8929 | Lab      | Identified a scroll of acquirement
  8944 | Lab      | Killed a minotaur
  8980 | Lab      | Got a faintly humming robe
  8991 | Lab      | Identified the +0 robe "Oda Hoti" {Dex+2 Stlth+} (You found it in a labyrinth)
  9061 | D:10     | Entered Level 10 of the Dungeon
  9064 | D:10     | Noticed a hill giant
  9214 | D:9      | Found a staircase to the Orcish Mines.
  9291 | D:10     | Killed a hill giant
  9291 | D:10     | Reached skill level 11 in Shields
  9434 | D:10     | Found a staircase to the Lair.
  9540 | D:10     | Found Gaish's General Store.
  9544 | D:10     | Bought a scroll of fear for 49 gold pieces
  9544 | D:10     | Bought a potion of agility for 56 gold pieces
  9620 | D:10     | Found Vusem's Jewellery Boutique.
  9687 | D:10     | Got a transparent glaive
  9694 | D:10     | Identified the +9 glaive "Ruecwere" {flame, MR+} (You found it on level 10 of the Dungeon)
  9919 | D:10     | Noticed Grum
  9933 | D:10     | Killed Grum
 10249 | Lair:1   | Entered Level 1 of the Lair of Beasts
 10299 | Lair:1   | Noticed a five-headed hydra
 10310 | Lair:1   | Killed a five-headed hydra
 10462 | Lair:1   | Reached XP level 12. HP: 76/76 MP: 13/13
 10489 | Lair:1   | Noticed a four-headed hydra
 10502 | Lair:1   | Killed a four-headed hydra
 10676 | Lair:1   | Acquired the Shining One's second power
 10789 | Lair:1   | Noticed a four-headed hydra
 10796 | Lair:1   | Killed a four-headed hydra
 10796 | Lair:1   | Reached skill level 12 in Shields
 11007 | Lair:1   | Noticed a five-headed hydra
 11021 | Lair:1   | Killed a five-headed hydra
 11229 | Lair:2   | Reached skill level 10 in Armour
 11768 | Lair:2   | Gained mutation: You have a pair of small horns on your head. [potion of beneficial mutation]
 12787 | Lair:3   | Got a slimy cloak
 12798 | Lair:3   | Identified the cursed -6 cloak "Eremyip" {+Fly} (You found it on level 3 of the Lair of Beasts)
 12955 | Lair:3   | Noticed Gastronok
 12973 | Lair:3   | Killed Gastronok
 12973 | Lair:3   | Reached skill level 10 in Fighting
 12973 | Lair:3   | Reached XP level 13. HP: 39/82 MP: 6/14
 13228 | Lair:3   | Noticed a death yak
 13229 | Lair:3   | Noticed a death yak
 13231 | Lair:3   | Noticed a death yak
 13231 | Lair:3   | Noticed a death yak
 13232 | Lair:3   | Noticed a death yak
 13238 | Lair:3   | Killed a death yak
 13245 | Lair:3   | Killed a death yak
 13245 | Lair:3   | Reached skill level 13 in Shields
 13258 | Lair:3   | Killed a death yak
 13270 | Lair:3   | HP: 1/82 [death yak (6)]
 13299 | Lair:2   | Killed a death yak
 13311 | Lair:2   | Killed a death yak
 13734 | Lair:3   | Noticed an eight-headed hydra
 13741 | Lair:3   | Killed an eight-headed hydra
 14413 | Lair:4   | Found a staircase to the Shoals.
 15398 | D:9      | Noticed a purple ugly thing
 16566 | D:12     | Killed a cyclops
 16950 | D:12     | Noticed Rupert
 16968 | D:12     | Killed Rupert
 17306 | Orc:1    | Entered Level 1 of the Orcish Mines
 17449 | Orc:1    | Found Zostruere's Quality Used Wands.
 17678 | Orc:2    | Gained mutation: Your large and strong wings let you fly indefinitely. [Gargoyle growth]
 17678 | Orc:2    | Reached XP level 14. HP: 82/90 MP: 15/15
 17816 | Orc:2    | Noticed Harold
 17959 | Orc:1    | Reached skill level 1 in Invocations
 18062 | Orc:1    | Reached skill level 14 in Shields
 18294 | Orc:2    | Killed Harold
 18614 | Orc:2    | Found a bloodstained altar of Trog.
 18776 | Orc:3    | Acquired the Shining One's third power
 18792 | Orc:3    | Found Nanurog's Weapon Boutique.
 19292 | Orc:3    | You fall through a shaft!
 19292 | Orc:4    | Entered Level 4 of the Orcish Mines
 19590 | Orc:4    | Found Tesch's Magic Scroll Boutique.
 19613 | Orc:4    | Found Hawadeff's Armour Boutique.
 19625 | Orc:4    | Found Nogaasyc's Antique Weapon Shoppe.
 19635 | Orc:4    | Bought a scroll of identify for 28 gold pieces
 19635 | Orc:4    | Bought a scroll of identify for 28 gold pieces
 19635 | Orc:4    | Bought a scroll of identify for 28 gold pieces
 19635 | Orc:4    | Bought a scroll of remove curse for 42 gold pieces
 19647 | Orc:4    | Found Qeopho's General Store.
 19652 | Orc:4    | Bought a runed mace for 78 gold pieces
 19662 | Orc:4    | Bought a scroll of enchant armour for 75 gold pieces
 19662 | Orc:4    | Bought a scroll of identify for 20 gold pieces
 19662 | Orc:4    | Bought a scroll of recharging for 95 gold pieces
 19886 | Orc:4    | Bought a scroll of remove curse for 42 gold pieces
 19886 | Orc:4    | Bought a scroll of remove curse for 42 gold pieces
 19886 | Orc:4    | Bought a scroll of remove curse for 42 gold pieces
 20204 | Orc:4    | Found a staircase to the Elven Halls.
 20315 | Orc:4    | Found Dihoniyrch's Antique Weapon Shoppe.
 20322 | Orc:4    | Found a roughly hewn altar of Beogh.
 20793 | D:13     | Noticed Maud
 20819 | D:13     | Killed Maud
 20897 | D:13     | Noticed Urug
 20900 | D:13     | Noticed Frances
 20928 | D:13     | Killed Frances
 20942 | D:13     | Killed Urug
 21130 | D:13     | Noticed Kirke
 21360 | D:13     | Killed Kirke
 21428 | D:13     | Noticed Josephine
 21443 | D:13     | Killed Josephine
 21533 | D:13     | Reached skill level 5 in Invocations
 21612 | D:13     | Acquired the Shining One's fourth power
 21703 | D:13     | Reached XP level 15. HP: 80/96 MP: 15/18
 21781 | D:13     | Noticed Sonja
 21793 | D:13     | Killed Sonja
 21793 | D:13     | Reached skill level 15 in Shields
 21821 | D:13     | Found a blossoming altar of Fedhas.
 22153 | D:14     | Found a gate to the Vaults.
 22649 | D:14     | Reached skill level 15 in Maces & Flails
 22791 | D:15     | Entered Level 15 of the Dungeon
 22800 | D:15     | Got a pair of slimy gloves
 22811 | D:15     | Identified the +1 pair of gloves "Donewnud" {rCorr Int-3 Dex-5 Stlth+} (You acquired it on level 15 of the Dungeon)
 22860 | D:15     | Found a frozen archway.
 22882 | IceCv    | Entered an ice cave
 22919 | IceCv    | Reached skill level 1 in Throwing
 23863 | D:15     | Got a pitted lead ring
 23865 | D:15     | Identified the ring of Lady Luck {rElec rPois MR+ Int+4 Slay-5} (You found it on level 15 of the Dungeon)
 24251 | D:15     | Found a staircase to the Depths.
 24578 | D:15     | Reached XP level 16. HP: 103/103 MP: 21/21
 24627 | D:15     | Found a sparkling altar of Nemelex Xobeh.
 25676 | Shoals:1 | Entered Level 1 of the Shoals
 26016 | Shoals:1 | Reached skill level 16 in Shields
 26399 | Shoals:1 | Got a translucent brass ring
 26402 | Shoals:1 | Identified the ring "Zabuzym" {rF+ rN+ MP+9 Int-4 Slay+2} (You found it on level 1 of the Shoals)
 28050 | Shoals:3 | Noticed Polyphemus
 28965 | Shoals:2 | Killed Polyphemus
 29304 | Shoals:3 | Found Hymn's Antique Armour Shop.
 29333 | Shoals:3 | Reached XP level 17. HP: 104/109 MP: 24/24
 29880 | Shoals:4 | Entered Level 4 of the Shoals
 29883 | Shoals:4 | Noticed Ilsuiw
 29914 | Shoals:4 | Found a flickering gateway to a bazaar.
 29936 | Bazaar   | Entered a bazaar
 29936 | Bazaar   | Found Kusmoen's Weapon Boutique.
 29936 | Bazaar   | Found Maup Roj's Antique Weapon Shoppe.
 30259 | Bazaar   | Found Qaawed's Gadget Shoppe.
 30277 | Bazaar   | Found Lijudozxe's Antique Armour Boutique.
 30281 | Bazaar   | Bought a quicksilver dragon armour for 1620 gold pieces
 31048 | Elf:1    | Entered Level 1 of the Elven Halls
 31080 | Elf:1    | Reached skill level 10 in Invocations
 31133 | Elf:1    | Reached skill level 17 in Shields
 31597 | Elf:1    | Noticed Aizul
 31617 | Elf:1    | Killed Aizul
 31994 | Elf:2    | Noticed Wiglaf
 32039 | Elf:1    | Killed Wiglaf
 32341 | Elf:2    | Gained mutation: Armour fits poorly on your strangely shaped body. [potion of mutation]
 32341 | Elf:2    | Gained mutation: You are partially covered in rough black scales (AC +4, Dex -1). [potion of mutation]
 32341 | Elf:2    | Lost mutation: You are partially covered in rough black scales (AC +4, Dex -1). [potion of mutation]
 32342 | Elf:2    | Gained mutation: You have a pair of horns on your head. [potion of mutation]
 32342 | Elf:2    | Gained mutation: You are partially covered in iridescent scales (AC +4). [potion of mutation]
 32342 | Elf:2    | Lost mutation: Armour fits poorly on your strangely shaped body. [potion of mutation]
 32367 | Elf:2    | Noticed a Shadow Fiend
 32374 | Elf:2    | Killed a Shadow Fiend
 32847 | Elf:2    | Found a huge runed gate.
 32847 | Elf:2    | Found a huge runed gate.
 32848 | Elf:2    | Found a huge runed gate.
 33090 | Elf:2    | Cast into the Abyss (executioner's axe of distortion)
 33258 | Abyss:1  | Reached XP level 18. HP: 108/116 MP: 26/26
 33974 | Abyss:1  | Reached skill level 18 in Shields
 33993 | Abyss:1  | Noticed a bone dragon
 34004 | Abyss:1  | Killed a bone dragon
 34311 | Abyss:1  | Noticed a Hell Sentinel
 34327 | Abyss:1  | Killed a Hell Sentinel
 34498 | Abyss:1  | Noticed a Hell Sentinel
 34517 | Abyss:1  | The Shining One protects you from harm!
 34530 | Abyss:1  | Killed a Hell Sentinel
 34615 | Abyss:1  | Gained mutation: Armour fits poorly on your strangely shaped body. [a neqoxec]
 34616 | Abyss:1  | Gained mutation: You expend magic power (3 MP) to strengthen your wands. [a neqoxec]
 34616 | Abyss:1  | Paralysed by accursed screaming for 2 turns
 34633 | Abyss:1  | Lost intelligence.
 34644 | Abyss:1  | Paralysed by accursed screaming for 1 turns
 34650 | Abyss:1  | Paralysed by accursed screaming for 1 turns
 34657 | Abyss:1  | Noticed a bone dragon
 34678 | Abyss:1  | Killed a bone dragon
 34975 | Abyss:1  | Found a corrupted altar of Lugonu.
 35384 | Abyss:1  | Lost mutation: You have a pair of horns on your head. [potion of cure mutation]
 35384 | Abyss:1  | Lost mutation: You have a pair of small horns on your head. [potion of cure mutation]
 35384 | Abyss:1  | Lost mutation: You are partially covered in iridescent scales (AC +4). [potion of cure mutation]
 35391 | Abyss:1  | Found a corrupted altar of Lugonu.
 35444 | Abyss:1  | Reached skill level 15 in Fighting
 35601 | Abyss:1  | Noticed a profane servitor
 35619 | Abyss:1  | Killed a profane servitor
 35692 | Abyss:1  | Noticed an Ice Fiend
 35694 | Abyss:1  | Reached XP level 19. HP: 77/124 MP: 28/28
 36033 | Abyss:1  | Paralysed by accursed screaming for 1 turns
 36099 | Abyss:1  | Noticed a bone dragon
 36116 | Abyss:1  | Killed a bone dragon
 36166 | Abyss:1  | Noticed a tentacled monstrosity
 36171 | Abyss:1  | Killed a tentacled monstrosity
 36353 | Abyss:1  | Noticed an ancient lich
 37055 | Abyss:1  | Noticed a bone dragon
 37064 | Abyss:1  | Killed a bone dragon
 37068 | Abyss:1  | Noticed a lich
 37073 | Abyss:1  | Killed a lich
 37146 | Abyss:1  | Reached skill level 19 in Shields
 37167 | Abyss:1  | Noticed a Brimstone Fiend
 37260 | Elf:2    | Escaped the Abyss
 37832 | Depths:1 | Entered Level 1 of the Depths
 38003 | Depths:1 | Found Duleew's Serpentskin Sales.
 38147 | Depths:1 | Found a gateway to Hell.
 38154 | Depths:1 | Reached XP level 20. HP: 131/131 MP: 29/29
 38534 | Depths:1 | Identified the Tome of Changing and Stones
 40046 | Depths:2 | Noticed Saint Roka
 40049 | Depths:2 | Found a gateway to a ziggurat.
 41982 | Depths:2 | Killed Saint Roka
 42717 | Depths:2 | Found a runed door.
 42930 | Depths:2 | Found a runed door.
 44053 | Shoals:4 | Killed Ilsuiw
 44177 | Shoals:4 | Reached skill level 20 in Maces & Flails
 44177 | Shoals:4 | Reached XP level 21. HP: 77/139 MP: 30/30
 44552 | Shoals:4 | Got a fine flail
 44553 | Shoals:4 | Identified the cursed +1 flail of Superiority {crush, +Rage +Inv rC+ MP+9} (You found it on level 4 of the Shoals)
 45286 | Shoals:4 | Got a barnacled rune of Zot
 46112 | Elf:3    | Entered Level 3 of the Elven Halls
 46141 | Elf:3    | Found a magical portal.
 46164 | WizLab   | Entered Doroklohe's Tomb
 46419 | WizLab   | HP: 5/139 [crystal guardian/crystal bolt (7)]
 46419 | WizLab   | Killed from afar by an electric golem

Vault maps used:
D:1:      dpeg_arrival_lava_temple_mockup, st_stairs_6
D:2:      first_bread
D:3:      kennysheep_minor_cross, kennysheep_generic_room_7
D:4:      uniq_edmund, uniq_pikel, uniq_blork_the_orc, uniq_sigmund,
          uniq_natasha
D:6:      kb_lookout_dungeons_type, minivault_10
D:7:      elyvilon_altar_5, minmay_temple_entry_trees, serial_shops,
          kennysheep_little_box, uniq_menkaure
D:8:      grunt_ogre_cave, uniq_erolcha
D:9:      david_orc_2, basic_altar, lightli_corner_chamber
D:10:     david_lair_generic, serial_shops, shop, kennysheep_mini_moat,
          uniq_grum
D:11:     lab_entry_generic
D:12:     uniq_rupert
D:13:     basic_altar, uniq_frances, uniq_kirke, uniq_urug, uniq_sonja,
          uniq_josephine, uniq_maud
D:14:     erik_vaults_1, kennysheep_flooded_box
D:15:     hangedman_depths_entry_civil_slaughter,
          portal_ice_cave_entry_pillars_01, minmay_misc_feat_x,
          nemelex_xobeh_ov_fountains_minmay
Temple:   grunt_circular_temple_18
Lair:1:   minivault_25, grunt_forest_small_clearing_treed, lemuel_fruit_tree
Lair:2:   serial_bayou, serial_bayou_shore_a, serial_bayou_pond_d,
          serial_bayou_lake_a, serial_bayou_lagoon_a
Lair:3:   uniq_gastronok
Lair:4:   elwin_shoals_entry_rocks
Shoals:1: abandoned_shop, st_shoals_ruin
Shoals:2: nicolae_shoals_island_circles
Shoals:3: serial_shops, shop_fountains, uniq_polyphemus
Shoals:4: serial_shops, bzr_entry_customers, shoals_end_simple, shoal_ilsuiw
Orc:1:    nicolae_for_you_no_charge
Orc:2:    trog_book, uniq_harold
Orc:3:    serial_shops, shop, nicolae_orc_pool_cavern, nicolae_orc_bridge_out
Orc:4:    st_orc_open, basic_altar, serial_shops, nicolae_shop_crystal
Elf:1:    eino_elf_arrival_the_gate, minmay_elf_crystal_hexagon, uniq_aizul
Elf:2:    uniq_wiglaf
Elf:3:    elf_hall, infiniplex_enter_wizlab_glasses
Depths:1: grunt_hell_entry_dis_old, roderic_lattice_octagonal_star,
          minivault_15, grunt_ministairs_4, guppyfry_shop_venom
Depths:2: thingy_vault_2, enter_ziggurat_f, hell_entry, kennysheep_small_circle,
          minmay_staircase_statues, uniq_saint_roka
Lab:      nicolae_lab_dead_adventurers, nicolae_lab_statue, nicolae_lab_plus,
          nicolae_lab_diamond, nicolae_lab_grate, nicolae_lab_blocks,
          lab_statue, nicolae_lab_checkerboard, nicolae_lab_stuck
Bazaar:   bazaar_kb_twisted_cavern
IceCv:    ice_cave_tombish
WizLab:   wizlab_doroklohe

Action                   |  1- 3 |  4- 6 |  7- 9 | 10-12 | 13-15 | 16-18 | 19-21 || total
-------------------------+-------+-------+-------+-------+-------+-------+-------++-------
Melee: Flail             |   117 |   120 |   395 |   804 |  1524 |  1371 |   230 ||  4561
       Unarmed           |       |       |       |       |     1 |       |       ||     1
       Eveningstar       |       |       |       |       |       |   229 |  1204 ||  1433
Throw: Tomahawk          |       |       |       |       |    28 |    16 |    19 ||    63
Invok: Divine Shield     |       |       |       |       |     4 |    15 |    12 ||    31
       Summon Divine War |       |       |       |       |       |     9 |    11 ||    20
       Cleansing Flame   |       |       |       |       |       |       |     1 ||     1
 Abil: Fly               |       |       |       |       |       |     1 |     2 ||     3
       Stop Flying       |       |       |       |       |       |     1 |     1 ||     2
       Evoke Berserk Rag |       |       |       |       |       |       |     1 ||     1
Evoke: Wand              |       |       |     4 |     6 |     2 |     2 |    15 ||    29
  Use: Potion            |     1 |     4 |     1 |     2 |    11 |    28 |     5 ||    52
       Scroll            |       |     6 |    11 |    11 |    10 |    15 |    24 ||    77
 Stab: Distracted        |       |       |       |       |       |     2 |       ||     2
  Eat: Chunk             |     1 |     4 |     4 |     3 |    14 |    12 |    14 ||    52
       Bread ration      |       |       |     2 |     2 |     2 |     3 |     2 ||    11
       Fruit             |       |       |       |     4 |     5 |     5 |     3 ||    17
       Meat ration       |       |       |       |     1 |     2 |     3 |     2 ||     8
       Royal jelly       |       |       |       |     1 |       |       |       ||     1
       Beef jerky        |       |       |       |     1 |     2 |     1 |     2 ||     6
